 Dungeon Crawl Stone Soup version 0.31-a0-358-gac0dbeb3ab (webtiles) character file.

Game seed: 5866929431489747278

560 bobarctor the Grave Robber (level 7, -7/46 HPs)
             Began as a Demonspawn Necromancer on July 26, 2023.
             Mangled by an ogre
             ... wielding a +0 giant spiked club
              (26 damage)
             ... on level 4 of the Dungeon.
             The game lasted 00:15:15 (4313 turns).

bobarctor the Grave Robber (Demonspawn Necromancer) Turns: 4313, Time: 00:15:16

Health: -7/46      AC:  5    Str:  8    XL:     7   Next: 9%
Magic:  7/16       EV: 12    Int: 18    God:
Gold:   147        SH:  0    Dex: 14    Spells: 12/18 levels left

rFire   . . .        m - +2 dagger (pain)
rCold   . . .        (no shield)
rNeg    . . .        a - +0 robe
rPois   .            u - +1 helmet
rElec   .            g - +0 cloak
rCorr   .            (gloves unavailable)
SInv    +            (no boots)
Will    .....        (no amulet)
Stlth   ++           x - ring of see invisible
HPRegen 0.27/turn    (no ring)
MPRegen 0.15/turn

%: no passive effects
@: no status effects
A: spiny 1, demonic touch 3
a: no special abilities


You were on level 4 of the Dungeon.
You visited 1 branch of the dungeon, and saw 4 of its levels.

You collected 147 gold pieces.

Inventory:

Hand Weapons
 h - a +0 short sword
 m - a +2 dagger of pain (weapon)
 w - a +2 antimagic hand axe
Missiles
 e - 2 javelins
 o - 4 poisoned darts
 r - 38 stones
 z - 3 boomerangs
Armour
 a - a +0 robe (worn)
 g - a +0 cloak (worn)
 u - a +1 helmet (worn)
Jewellery
 n - an amulet of faith
 x - a ring of see invisible (left hand)
Talismans
 y - a beast talisman
Wands
 d - a wand of quicksilver (9)
Scrolls
 k - a scroll of enchant weapon
Potions
 b - 2 potions of magic
 c - a potion of lignification {unknown}
 f - 4 potions of might {unknown}
 j - 4 potions of heal wounds
 l - 2 potions of berserk rage
 p - 2 potions of cancellation
 s - a potion of curing {unknown}
 v - a potion of degeneration {unknown}


   Skills:
 + Level 2.0 Dodging
 + Level 2.0 Stealth
 * Level 6.0 Spellcasting
 + Level 6.2 Necromancy


You had 12 spell levels left.
You knew the following spells:

 Your Spells              Type           Power      Damage    Failure   Level
a - Necrotise             Necr           100%       1d9       1%          1
b - Vampiric Draining     Necr           27%        2d7       2%          3
c - Ensorcelled Hibernat  Hex/Ice        10%        N/A       19%         2

Your spell library contained the following spells:

 Spells                   Type           Power      Damage    Failure   Level
 Animate Dead             Necr           27%        N/A       10%         4
 Slow                     Hex            20%        N/A       12%         1
 Passwall                 Tmut/Erth      4%         N/A       19%         2
 Agony                    Necr           27%        N/A       26%         5
 Confusing Touch          Hex            5%         N/A       34%         3
 Swiftness                Air            5%         N/A       34%         3


Dungeon Overview and Level Annotations

Branches:
Dungeon (4/15)
 Temple: D:4-7

Altars:

Shops:
D:1 *


Innate Abilities, Weirdness & Mutations

You are partially covered in sharp spines.
Your touch may irresistibly damage your foes and sap their willpower.


Message History

f - 4 lumpy dark potions (gained 1)
A dart slug comes into view.
You hit the dart slug.
The dart slug writhes in agony.
The dart slug is severely wounded.
You hit the dart slug.
The dart slug writhes in agony.
You kill the dart slug!
Found 2 silvery potions.
A hobgoblin comes into view.
An ogre comes into view. It is wielding a +0 giant spiked club.
The ogre shouts!
The hobgoblin shouts!
You barely miss the ogre.
The ogre hits you with a +0 giant spiked club!!!
Ouch! That really hurt!
* * * LOW HITPOINT WARNING * * *
Casting: Vampiric Draining (dangerous; 2% risk of failure)
Confirm with . or Enter, or press ? or * to list all spells.
Aiming: Vampiric Draining (dangerous; 2% risk of failure)
Press: ? - help, Shift-Dir - straight line, f - ogre
Aim: an ogre, wielding a +0 giant spiked club You draw life force from the ogre.
You feel life coursing into your body.
Unknown command.
Casting: Vampiric Draining (dangerous; 2% risk of failure)
Confirm with . or Enter, or press ? or * to list all spells.
Aiming: Vampiric Draining (dangerous; 2% risk of failure)
Press: ? - help, Shift-Dir - straight line, f/p - ogre
Aim: an ogre, wielding a +0 giant spiked club (lightly wounded)
You draw life force from the ogre.
You feel life coursing into your body. The ogre is struck by your spines.
The ogre misses you. The hobgoblin barely misses you.
Unknown command.
Casting: Vampiric Draining (dangerous; 2% risk of failure)
Confirm with . or Enter, or press ? or * to list all spells.
Aiming: Vampiric Draining (dangerous; 2% risk of failure)
Press: ? - help, Shift-Dir - straight line, f/p - ogre
Aim: an ogre, wielding a +0 giant spiked club (moderately wounded)
You draw life force from the ogre!
You feel life coursing into your body. The ogre is struck by your spines.
The ogre hits you with a +0 giant spiked club!!
Ouch! That really hurt!
You die...

##.## #.#.## #..# .###.#
#..# #.#.## #..# ##.##
#..## # ##.## #...# .##
#...###########.#.#...##
..#..........##O#.......
#...###.........@g!...#
##......####........^...
######## ####.........
##########


You could see an ogre and a hobgoblin.

Vanquished Creatures
  A phantom (D:3)
  A scorpion (D:4)
  An orc priest (D:3)
  A jelly (D:4)
  An iguana (D:3)
  An orc wizard (D:3)
  2 sleepcaps
  Ijyb (D:4)
  Robin (D:2)
  3 gnolls (D:2)
  5 adders
  A white imp (D:4)
  An ufetubus (D:4)
  3 worms
  4 dart slugs
  2 orcs (D:3)
  7 ball pythons
  A bat (D:1)
  7 endoplasms
  8 giant cockroaches
  22 goblins
  13 hobgoblins
  4 jackals
  A kobold (D:3)
  6 quokkas
  3 frilled lizards
  12 rats
113 creatures vanquished.

Vanquished Creatures (collateral kills)
  A gnoll (D:2)
  A goblin (D:2)
  A jackal (D:1)
  A frilled lizard (D:3)
4 creatures vanquished.

Grand Total: 117 creatures vanquished

Notes
Turn   | Place    | Note
-------+----------+-------------------------------------------
     0 | D:1      | bobarctor the Demonspawn Necromancer began the quest for
                  | the Orb.
     0 | D:1      | Reached XP level 1. HP: 13/13 MP: 3/3
   322 | D:1      | Gained mutation: You are partially covered in sharp spines.
                  | [demonic ancestry]
   322 | D:1      | Reached XP level 2. HP: 19/19 MP: 0/5
  1017 | D:1      | Gained mutation: Your touch may inflict minor irresistible
                  | damage on your foes. [demonic ancestry]
  1017 | D:1      | Reached XP level 3. HP: 24/24 MP: 4/7
  1053 | D:1      | Found Ilused's Assorted Antiques.
  1262 | D:2      | Learned a level 3 spell: Vampiric Draining
  1306 | D:2      | Reached skill level 5 in Necromancy
  1308 | D:2      | Gained mutation: Your touch may inflict irresistible damage
                  | on your foes. [demonic ancestry]
  1308 | D:2      | Reached XP level 4. HP: 30/30 MP: 0/9
  1841 | D:2      | Noticed Robin
  2015 | D:2      | Killed Robin
  2123 | D:2      | Found a faded altar of an unknown god.
  2319 | D:3      | Reached XP level 5. HP: 18/35 MP: 1/11
  2652 | D:3      | Noticed a phantom
  2657 | D:3      | Learned a level 2 spell: Ensorcelled Hibernation
  2666 | D:3      | Killed a phantom
  2667 | D:3      | Reached XP level 6. HP: 14/41 MP: 3/13
  2815 | D:3      | Reached skill level 5 in Spellcasting
  3970 | D:4      | Noticed Ijyb
  3978 | D:4      | Killed Ijyb
  3979 | D:4      | Gained mutation: Your touch may irresistibly damage your
                  | foes and sap their willpower. [demonic ancestry]
  3979 | D:4      | Reached XP level 7. HP: 20/46 MP: 3/15
  4313 | D:4      | Mangled by an ogre

Illustrated notes

Levels and vault maps discovered:
D:1:      enne_arrival_octagon_isle, layout_loops_cross, serial_shops,
          nicolae_shop_rolling_square, minmay_tree_intersection
D:2:      layout_basic, hellmonk_ecumenical_altar_blasted, uniq_robin
D:3:      minmay_chambers_of_threes, layout_rooms
D:4:      kennysheep_goblin_castle, layout_loops_ring, gup_sewer_entry_bubbles,
          hex_large

Skill      XL: |  1  2  3  4  5  6  7 |
---------------+----------------------+-----
Spellcasting   | 3 4 5 6 |  6.0
Necromancy     | 5 6 |  6.2
Dodging        | 2 |  2.0
Stealth        | 2 |  2.0

Action                     |  1- 3 |  4- 6 |  7- 9 || total
---------------------------+-------+-------+-------++-------
  Melee: Short sword       |     7 |       |       ||     7
         Dagger            |     5 |    21 |    13 ||    39
         Touch             |     1 |     4 |       ||     5
         Hand axe          |       |     9 |       ||     9
         Punch             |       |       |     1 ||     1
   Cast: Necrotise         |    54 |   111 |       ||   165
         Vampiric Draining |       |     5 |     3 ||     8
    Use: Scroll            |       |     8 |       ||     8
   Stab: Sleeping          |       |     1 |       ||     1
 Armour: Robe              |     3 |     6 |     2 ||    11
  Dodge: Dodged            |     8 |    34 |     7 ||    49

Table legend: (Time is in decaauts)
 A = Elapsed time spent in this place.
 B = Non-inter-level travel time spent in this place.
 C = Inter-level travel time spent in this place.
 D = Time resting spent in this place.
 E = Time spent auto-exploring this place.
 F = Levels seen in this place.
 G = Mean time per level.
                   A        B        C        D        E       F      G
               +--------+--------+--------+--------+--------+-----+--------+
         Total |   4346 |   4269 |     77 |   1052 |   2441 |   4 | 1086.5 |
       Dungeon |   4346 |   4269 |     77 |   1052 |   2441 |   4 | 1086.5 |
               +--------+--------+--------+--------+--------+-----+--------+

Top non-repeatable levels by time:
     D:1: 1367 daAuts
     D:3: 1125 daAuts
     D:2: 996 daAuts
     D:4: 857 daAuts
